[Event "Speed Chess Championship 2022 - Evento "]
[Site "Chess.com"]
[Date "2022.12.06"]
[Round "1"]
[White "Carlsen, Magnus"]
[Black "Gukesh, D."]
[Result "1-0"]
[WhiteElo "2859"]
[BlackElo "2725"]
[ECO "C67"]
[EventDate "2022.??.??"]
[Annotator "rafael"]
[PlyCount "69"]
[Beauty "8043534221319"]
[EventType "team-tourn"]
[TimeControl "300+1"]

1.e4 e5 2.Nf3 Nc6 3.Bb5 Nf6 4.O-O Nxe4 5.Re1 Nd6 6.Nxe5 Be7 7.Bf1 Nxe5 8.Rxe5 O-O 9.d4 Bf6 10.Re1 Re8 11.Bf4 Rxe1 12.Qxe1 Bxd4 {A dangerous move, which is not the most popular. In exchange for the pawn White gets a superior pawn structure and it will be difficult for Black to finish development. Carlsen has some experience in this position, but all his previous opponents preferred the main move, 12...Ne8. The fact that Carlsen didn't win any of those games says a lot about the solidity of Black's position.} ( 12...Ne8 {Black returns the knight, avoiding the exchange on d6 and preparing to play …d7-d5 and then take the bishop from c8. Carlsen's main game here was played in the world championship match in 2016, but he has tried this variation several times.} 13.c3 ( 13.Bd3 d5 14.Be5 g6 15.Bxf6 Nxf6 16.Nd2 Qe8 {with a close to equal position. Carlsen-Wang Hao, Riadh (rapid) 2017.} ) 13...d5 14.Bd3 ( 14.Nd2 c6 15.a4 a5 16.Bd3 g6 17.Nf3 Nd6 18.Qe3 Bg4 19.Re1 Qf8 20.h3 Bd7 21.g4 Re8 22.Ne5 {White was marginally better in Carlsen-So, Meltwater Tour Final 2022.} ) 14...g6 15.Na3 ( 15.Nd2 Ng7 16.Nf3 Bf5 17.Bxf5 Nxf5 18.Qe2 c6 19.Re1 Ng7 20.Be5 Bxe5 21.Nxe5 Qd6 ( 21...Qe7 22.Qd2 Re8 23.Nd3 Qd8 24.Rxe8+ Nxe8 {The position is equal. Carlsen-Radjabov FTX Crypto Cup 2021.} ) 22.Qf3 f6 23.Nd3 Re8 24.Rxe8+ Nxe8 {The game ended in a draw in Carlsen-So Goldmoney (rapid) 2021.} ) 15...c6 16.Nc2 Ng7 17.Qd2 Bf5 18.Bxf5 Nxf5 19.Ne3 Nxe3 20.Qxe3 Qe7 21.Qxe7 Bxe7 {and the game was soon drawn in Carlsen-Karjakin, New York 2016.} ) 13.Bxd6 cxd6 14.Nc3 Bxc3 $6 {[%c_effect c3;square;c3;type;Inaccuracy;persistent;true] Black is in trouble now.} ( 14...Be5 $1 {[%c_effect e5;square;e5;type;GreatFind;persistent;true] This is the right move and was recently played in a high-level game.} 15.Qe4 $1 ( 15.Rd1 b6 16.Nd5 Bb7 17.c3 g6 18.g3 {With the strong knight on d5, White certainly has compensation for the pawn, but the computer doesn't think it's enough for an advantage.} ) 15...Bxc3 16.bxc3 d5 $1 17.Qxd5 d6 ( 17...Qe7 $5 ) 18.Re1 Be6 19.Qxb7 {with a slight advantage for White. Wang Hao-Radjabov, Shusha (rapid) 2022.} ) 15.Qxc3 {The extra pawn doesn't count for Black—in fact it even hinders the development of the bishop.} 15...b6 ( 15...d5 {is the other way of trying to finish the development, returning the extra pawn immediately.} 16.Qd4 d6 17.Qxd5 {The problem is that Black will soon lose another pawn, as White will follow with 18.Rd1.} ) 16.Qf3 $1 Rb8 17.Bc4 ( 17.Qa3 {is more accurate as it recovers the pawn immediately.} 17...Ra8 ( 17...Qc7 {doesn't work:} 18.Re1 Bb7 19.Qxa7 $1 Ra8 $4 20.Qxa8+ Bxa8 21.Re8# ) 18.Qxd6 Bb7 19.Re1 {with a clear advantage.} ) 17...Qe7 18.Bd5 a5 $6 {[%c_effect a5;square;a5;type;Inaccuracy;persistent;true] This is not good and White's next two moves demonstrate why.} ( 18...Ba6 {is better.} ) 19.a4 $1 Ba6 20.c4 $1 {[%c_effect c4;square;c4;type;GreatFind;persistent;true] What a sublime technique $1 Carlsen plays prophylactically, restricting the a6-bishop.} 20...Qf6 {This move is necessary sooner or later as Black has no other plan. The only attempt is to exchange queens and then exchange bishops.} ( 20...Re8 {This move doesn't help Black's position at all.} 21.g3 Qf6 22.Ra3 $1 {[%c_effect a3;square;a3;type;GreatFind;persistent;true] and the torture continues.} ) 21.Qxf6 gxf6 22.Rd1 Kf8 23.Kf1 ( 23.g3 {is more accurate, but let's not be so critical.} ) 23...Ke7 ( 23...Bb7 $5 {[%c_effect b7;square;b7;type;Interesting;persistent;true] gives some drawing chances after} 24.Bxb7 Rxb7 25.Rxd6 Ke7 26.Rd4 Rc7 27.b3 Rc5 ) 24.Ke2 Bb7 25.b3 $6 ( 25.Bxb7 $1 {[%c_effect b7;square;b7;type;GreatFind;persistent;true] With very precise moves, White achieves a decisive advantage in this endgame.} 25...Rxb7 26.Rd5 Rc7 27.Kd3 Rc5 28.Kd4 Ke6 29.g4 $1 {[%c_effect g4;square;g4;type;GreatFind;persistent;true] The kind and pawn endgame is lost, so Black is paralyzed.} ) 25...Bc6 ( 25...Bxd5 26.Rxd5 Rg8 $3 {[%c_effect g8;square;g8;type;Brilliant;persistent;true] A thematic maneuver to activate the rook. I don't need to mention again the difficulty of finding something like this with little time on the clock.} 27.g3 ( 27.Rb5 Rxg2 28.Rxb6 Rxh2 29.Rb5 Rh3 {Black is active enough to save the draw.} ) 27...Rg5 $1 {[%c_effect g5;square;g5;type;GreatFind;persistent;true] This is the idea. Now Black has good chances of saving the game.} ) 26.Rd4 $6 ( 26.g3 $1 Rg8 27.h4 $1 {[%c_effect h4;square;h4;type;GreatFind;persistent;true] This subtle idea constrains the black rook.} ) 26...Rg8 $1 27.g3 Rg5 $1 28.f4 Rh5 {Black can get a draw now.} 29.h4 Bxd5 30.cxd5 ( 30.Rxd5 Rxd5 31.cxd5 f5 32.Kd3 Kd8 $1 33.Kc4 Kc7 {with a draw.} ) 30...f5 $1 ( 30...Rh6 $2 31.f5 Rh5 32.Rf4 {Black's rook is in an embarrassing situation.} ) 31.Kd3 Rh6 $2 {[%c_effect h6;square;h6;type;Mistake;persistent;true] After a defense with so many resources, a blunder decides the game.} ( 31...Kd8 $1 32.Kc4 Kc7 33.Kb5 Kb7 $1 {[%c_effect b7;square;b7;type;GreatFind;persistent;true] With a draw. The good old opposition.} ) 32.Kc4 Kd8 33.Kb5 Kc7 34.Ka6 $1 {[%c_effect a6;square;a6;type;GreatFind;persistent;true] Here's the difference. The queenside collapses.} 34...Rg6 35.Rc4+ ( 35.Rc4+ Kd8 36.Rc3 ) 1-0

[Event "Speed Chess Championship 2022 - Evento "]
[Site "Chess.com"]
[Date "2022.12.13"]
[Round "2"]
[White "Carlsen, Magnus"]
[Black "Caruana, Fabiano"]
[Result "1-0"]
[WhiteElo "2859"]
[BlackElo "2766"]
[ECO "C42"]
[EventDate "2022.??.??"]
[Annotator "rafael"]
[PlyCount "83"]
[Beauty "7561155706887"]
[EventType "team-tourn"]
[TimeControl "300+1"]

{I followed the match between Carlsen and Caruana from the beginning, and I was very impressed with what I saw. In addition to not losing a game, Carlsen almost never made a tactical error and was incredibly fast when calculating. Even his bullet games were played at a high level. This game illustrates well his style and what was the trend in the match: victory in an endgame with a small advantage, playing with surgical precision. A game played at a five-minute time control, but which, due to the quality of the moves, could easily be \"disguised\" as a classical one.} 
1.e4 e5 2.Nf3 Nf6 3.Nxe5 d6 4.Nf3 Nxe4 5.d4 d5 6.Bd3 Bf5 7.O-O Be7 8.Re1 O-O 9.Nbd2 Nd6 {This is a fashionable line for Black these days, but I'm sure Carlsen doesn't mind playing for a small advantage with White here.} 10.Nf1 c6 11.Bf4 Bxd3 12.Qxd3 Na6 13.Ne3 Nc7 {Until now the players are following a game from the 2022 US Championship, but now Carlsen plays a different move.} 14.Bxd6 {Not a new move, but played with more ambition than the original game. Why give up a bishop for a knight here $2 White wants to play a position with his two knights bothering Black's kingside. Black will need to play g7-g6 at some point, and White can then advance the h-pawn to create some weaknesses.} ( 14.b3 {was Niemann-So, St. Louis 2022.} ) 14...Bxd6 15.g3 {This is the novelty. A move in the style of the world champion, patient, improving the position.} ( 15.Nf5 g6 16.Nxd6 Qxd6 17.g3 Rfe8 {and the game soon ended in a draw in Buhmann-Bindrich, Magdeburg 2019.} ) 15...Re8 16.Kg2 Bf8 17.Re2 {Doubling the rooks on the e-file, a typical plan for White. Truth be told, Black's position is very solid, and Caruana would probably have no trouble defending it in a game played with a classical time control.} 17...Ne6 ( 17...g6 {is possible. Black has a very solid position.} 18.Rae1 Bg7 ) 18.Rae1 Ng5 {Caruana exchanges a pair of knights, but this is not enough to equalize completely.} 19.Nxg5 Qxg5 20.h4 Qg6 21.Nf5 Rxe2 22.Rxe2 Qf6 23.h5 g6 24.Nh4 Bd6 25.Qe3 {The evaluation of the position has not changed: Black remains solid and must wait. I don't like Caruana's decision here.} 25...gxh5 $2 {[%c_effect h5;square;h5;type;Mistake;persistent;true] Black had acceptable waiting moves. Maybe he believed that the position would be more active after Kh8-Rg8, but Carlsen finds the right way to counter this plan.} ( 25...a5 ) ( 25...Rd8 ) 26.Qd3 $1 {[%c_effect d3;square;d3;type;GreatFind;persistent;true] Controlling the f5-square.} 26...Kh8 27.Qf5 $1 {[%c_effect f5;square;f5;type;GreatFind;persistent;true] This is not an easy move. It's tempting to keep the queens, after all don't they say queens and knights go well together $2 But it's not easy to attack the king, and the black queen is active. Carlsen correctly judges that it's best to exchange queens and open the way for the white king to enter the game.} ( 27.Nf5 Rg8 ) 27...Qxf5 28.Nxf5 Bf8 29.Kh3 $1 {[%c_effect h3;square;h3;type;GreatFind;persistent;true] The king is activated and will capture the pawn on h5. Now the white knight is very well placed, and Black has no active plan.} 29...a5 ( 29...Kg8 {is probably more accurate, bringing the king immediately to the game.} 30.Kh4 f6 31.Kxh5 Kf7 ) 30.Kh4 a4 {While watching the game, I asked myself if White should play a2-a3 to avoid a possible advance. Carlsen doesn't make that move, and that's a good decision, as we'll see later.} 31.Kxh5 Kg8 32.Kg5 $1 {[%c_effect g5;square;g5;type;GreatFind;persistent;true] Avoiding the plan with f6-Kf7.} 32...c5 {Caruana decides to try some active play, even if this costs an isolated pawn on d5.} 33.dxc5 Bxc5 34.Rd2 Rd8 35.c3 Kf8 36.f4 {White calmly reinforces his position, taking advantage of the opponent's lack of counterplay.} 36...Rd7 37.Kg4 f6 38.b4 $1 {[%c_effect b4;square;b4;type;GreatFind;persistent;true] This is the winning plan, and it's only possible because White's pawn is still on a2.} 38...Bb6 $6 {[%c_effect b6;square;b6;type;Inaccuracy;persistent;true] Now the position collapses. The classic rule is to trade pawns whenever you are worse in the endgame. This position is no exception.} ( 38...axb3 39.axb3 Kf7 40.b4 Bf8 {The bishop is better on this square, avoiding the c3-c4 move, as the b4-pawn is a target. In any case, it would be practically impossible to defend this position: White can take the knight to d4, the king to f5, and keep pressing.} 41.Nd4 {The torture continues.} ) 39.c4 $1 {[%c_effect c4;square;c4;type;GreatFind;persistent;true] The d-pawn falls and White is easily winning.} 39...d4 40.c5 Bc7 41.Rxd4 Ke8 42.b5 {Resistance is unnecessary if your opponent is Carlsen.} 1-0

[Event "Speed Chess Championship 2022 - Evento "]
[Site "Chess.com"]
[Date "2022.12.14"]
[Round "2"]
[White "Vachier Lagrave, Maxime"]
[Black "So, Wesley"]
[Result "1-0"]
[WhiteElo "2737"]
[BlackElo "2760"]
[ECO "C67"]
[EventDate "2022.??.??"]
[Annotator "rafael"]
[PlyCount "141"]
[Beauty "5774453259859"]
[EventType "team-tourn"]
[TimeControl "300+1"]

1.e4 e5 2.Nf3 Nc6 3.Bb5 Nf6 4.O-O Nxe4 5.d4 Nd6 6.Bxc6 dxc6 7.dxe5 Nf5 {Vachier-Lagrave is one of the few elite grandmasters still trying to break the Berlin by playing the endgame. He is a player with well-defined convictions—for this reason his opening repertoire is predictable, but very well-studied.} 8.Qxd8+ Kxd8 9.Nc3 Bd7 {The most classical line, as it was played at the time of the famous match between Kasparov and Kramnik. Lately players have preferred 9...Ke8.} 10.h3 h6 11.b3 b6 12.Bb2 Kc8 13.Rad1 {A well-known position.} 13...a5 ( 13...Ne7 {is the most popular move.} ) ( 13...c5 {is also possible.} ) 14.a4 c5 15.Nd5 c4 $5 {[%c_effect c4;square;c4;type;Interesting;persistent;true] Black decides to advance before White plays c2-c4.} ( 15...Ne7 16.c4 Bf5 17.Rd2 Kb7 {This position is known from correspondence games, all of them ending in draws.} ) 16.Nf4 {A new move, but Vachier-Lagrave probably confused the move order.} ( 16.g4 $1 Ne7 17.Nf4 {is the right way to go.} ) 16...Bc6 $1 {[%c_effect c6;square;c6;type;GreatFind;persistent;true] This is the difference. Now the knight jump to d4 is not so strong, since it can be captured.} 17.e6 ( 17.Nd4 Nxd4 18.Bxd4 Kb7 {The bishop pair gives Black the advantage.} ) 17...cxb3 $6 ( 17...Bxf3 $1 {[%c_effect f3;square;f3;type;GreatFind;persistent;true] is more accurate.} 18.gxf3 Bd6 19.Rd5 Ne7 20.Rd4 cxb3 21.cxb3 Kb7 22.exf7 Rhf8 {with a clear advantage for Black due to the better pawn structure.} ) 18.exf7 $1 {[%c_effect f7;square;f7;type;GreatFind;persistent;true] The French grandmaster is always very quick to find tactical possibilities. His games often turns chaotic all of a sudden, as we'll see in a few moves.} 18...bxc2 19.Rd2 Bb4 20.Rxc2 Bxa4 21.Rcc1 Rf8 22.Ne5 Bb3 23.Nfg6 Rxf7 24.Nxf7 Bxf7 {After this sequence of logical moves, we have an endgame with an advantage for Black, who has an avalanche of pawns on the queenside.} 25.Ne5 Bb3 26.Bc3 Ba3 ( 26...Bxc3 $1 27.Rxc3 Nd4 {Black is ready to advance the a-pawn and this should be decisive.} ) 27.Ra1 Bd6 28.Rfb1 Bd5 29.Rd1 Bb3 30.Rdb1 Bg8 31.g4 $5 {[%c_effect g4;square;g4;type;Interesting;persistent;true] White seeks counterplay by advancing the pawns on the kingside.} 31...Nh4 32.f4 g5 $1 33.Rf1 ( 33.f5 $2 Bxe5 34.Bxe5 Nf3+ ) 33...Kb7 34.f5 Bd5 ( 34...Re8 $1 {[%c_effect e8;square;e8;type;GreatFind;persistent;true] The computer indicates a decisive advantage for Black, but the lines are too complex for a blitz game, for example:} 35.Rae1 Bd5 36.f6 Ng2 $1 37.f7 Rf8 38.Nd7 Rxf7 39.Rxf7 Nxe1 {with a winning advantage.} ) 35.Rad1 c6 $6 ( 35...Bb3 $1 {[%c_effect b3;square;b3;type;GreatFind;persistent;true] is better.} ) 36.f6 Bxe5 37.Bxe5 Nf3+ 38.Rxf3 Bxf3 39.Rd7+ Ka6 40.f7 Bd5 {We arrive at the most fascinating part of the game. The endgame that follows can be analyzed for hours and has variations that resemble compositions.} 41.Rxd5 $2 {[%c_effect d5;square;d5;type;Mistake;persistent;true] This move loses.} ( 41.Bg7 $1 Bxf7 42.Rxf7 {Here we have an amazing race between the queenside and kingside pawns.} 42...b5 43.Bxh6 b4 ( 43...Rg8 $5 ) 44.Bxg5 a4 45.Rf1 {White prepares Bf6 and has winning chances.} ) 41...cxd5 42.Bg7 b5 $2 ( 42...a4 $1 {[%c_effect a4;square;a4;type;GreatFind;persistent;true] leads to a study-like win.} 43.Bxh6 ( 43.f8=Q Rxf8 44.Bxf8 Kb5 45.Bxh6 Kc4 46.Bg7 d4 $1 {[%c_effect d4;square;d4;type;GreatFind;persistent;true] and the pawns cannot be stopped.} ) 43...d4 $1 44.f8=Q Rxf8 45.Bxf8 Kb5 $1 46.h4 {The only way to create counterplay.} 46...gxh4 47.g5 d3 48.Kf2 h3 49.g6 d2 50.g7 d1=Q 51.g8=Q h2 52.Qg5+ Ka6 {White ran out of checks.} ) 43.Bxh6 b4 44.f8=Q Rxf8 45.Bxf8 Kb5 ( 45...d4 {is more precise, although the position is still drawn.} 46.Kf2 ( 46.h4 $2 gxh4 47.g5 d3 48.Kf2 h3 49.g6 d2 50.g7 d1=Q 51.g8=Q Kb5 {Black's pawns decide the game.} ) 46...Kb5 47.h4 $1 gxh4 48.g5 b3 49.Ba3 h3 50.g6 h2 51.Kg2 d3 52.g7 d2 53.g8=Q h1=Q+ 54.Kxh1 d1=Q+ 55.Kg2 {with a draw.} ) 46.h4 $1 a4 47.hxg5 a3 48.g6 Kc4 ( 48...a2 $2 49.Bg7 Kc4 50.Ba1 $18 ) 49.g7 a2 50.g8=Q a1=Q+ 51.Kg2 {The machine never misses the right checks, indicating a draw. In a practical game, Black's situation is not so simple. The players had seconds on the clock and they did what was possible with such limited time.} 51...Qb2+ 52.Kg3 Qc3+ 53.Kh4 Qe1+ 54.Kh5 b3 55.Bg7 Qh1+ 56.Kg5 Qc1+ 57.Kg6 Qc2+ 58.Kf7 Qf2+ $2 ( 58...d4 $1 {[%c_effect d4;square;d4;type;GreatFind;persistent;true] leads to a draw.} ) 59.Bf6 $1 b2 60.Qc8+ Kb4 61.Qb7+ Ka3 62.g5 $2 ( 62.Qa6+ {wins after some accurate checks.} 62...Kb4 ( 62...Kb3 63.Qb5+ Ka3 64.Qa5+ Kb3 65.Qxd5+ ) 63.Qd6+ $1 Kc4 64.Qc6+ Kb4 65.Qc3+ Ka4 66.Qxb2 ) 62...d4 63.g6 Ka2 ( 63...Qf5 $1 {[%c_effect f5;square;f5;type;GreatFind;persistent;true] is the right path to the draw.} ) 64.Qa6+ Kb3 65.Qb5+ $2 ( 65.g7 $1 b1=Q 66.g8=Q {Positions with four queens on the board are very rare and usually fascinating $1 Black has no checks available and will not be able to defend the attack of two queens and a bishop.} ) 65...Ka2 $2 ( 65...Kc2 $1 {[%c_effect c2;square;c2;type;GreatFind;persistent;true] and Black again escapes with a draw.} 66.Qc4+ Kd1 ) 66.Qa4+ Kb1 67.g7 Kc1 68.g8=Q b1=Q 69.Qg5+ Kb2 70.Qb4+ $2 {[%c_effect b4;square;b4;type;Mistake;persistent;true] It's just impossible to play such a position with seconds on the clock.} ( 70.Qgb5+ $1 Kc1 71.Qbc4+ Kd2 ( 71...Qfc2 72.Bg5+ Kb2 73.Qcb4+ ) ( 71...Qbc2 72.Qa1+ Kd2 73.Qxc2+ Kxc2 74.Qa2+ Kd3 75.Qxf2 ) 72.Qa5+ Kd1 73.Qh5+ Kd2 74.Qh6+ Kd1 75.Qh1+ Kd2 76.Qxb1 $18 ) 70...Ka2 $2 {[%c_effect a2;square;a2;type;Mistake;persistent;true] The last mistake.} ( 70...Ka1 $1 {[%c_effect a1;square;a1;type;GreatFind;persistent;true] It looks incredible, but this is still a draw.} 71.Qxd4+ ( 71.Qga5+ Qfa2+ ) 71...Qxd4 72.Bxd4+ Ka2 {and there is no mate.} ) 71.Qga5# {What a fight $1} 1-0